 Dungeon Crawl Stone Soup version 0.32-a0-131-g9dbbe29261 (webtiles) character file.

Game seed: 7764959174225950442

9 Esekla the Sneak (level 2, 0/21 HPs)
             Began as an Octopode Delver on Feb 8, 2024.
             Succumbed to an adder's poison
             ... on level 5 of the Dungeon.
             The game lasted 00:01:05 (71 turns).

Esekla the Sneak (Octopode Delver)                    Turns: 71, Time: 00:01:05

Health: 0/21       AC:  1    Str: 11    XL:     2   Next: 16%
Magic:  2/2        EV: 13    Int: 12    God:
Gold:   11         SH:  0    Dex: 13    Spells: 1/1 levels left

rFire   . . .        a - +0 falchion
rCold   . . .        (no shield)
rNeg    . . .        (helmet restricted)
rPois   .            (no amulet)
rElec   .            (no ring)
rCorr   .            (no ring)
SInv    .            (no ring)
Will    .....        (no ring)
Stlth   ++++         (no ring)
HPRegen 0.23/turn    (no ring)
MPRegen 0.08/turn    (no ring)
                     (no ring)

%: no passive effects
@: lethally poisoned (0 -> -3)
A: almost no armour, amphibious, 8 rings, camouflage 1, gelatinous body 1,
(nimble swimmer 1), tentacles
a: no special abilities


You were on level 5 of the Dungeon.
You visited 1 branch of the dungeon, and saw 1 of its levels.

You collected 11 gold pieces.

Inventory:

Hand Weapons
 a - a +0 falchion (weapon)
Wands
 f - a wand of digging (3)
Scrolls
 b - a scroll of fog
 d - a scroll of fear
Potions
 e - a potion of haste


   Skills:
 * Level 3.1 Fighting
 + Level 2.0 Long Blades
 * Level 2.1 Dodging
 + Level 6.9 Stealth
 * Level 0.3 Spellcasting


You had one spell level left.
You didn't know any spells.
Your spell library was empty.

Dungeon Overview and Level Annotations

Branches:
Dungeon (5/15)
 Temple: D:4-7

Altars:

Shops:
D:5 :


Innate Abilities, Weirdness & Mutations

You cannot wear most types of armour.
You are amphibious.
You can wear up to eight rings at the same time.
Your skin changes colour to match your surroundings (Stealth+).
Your rubbery body absorbs attacks. (AC +1, EV +1)
((You are camouflaged when in or above water. (Stealth+)))
You have tentacles for arms and can constrict up to eight enemies at once.


Message History

There is an open door here.
You open the door.
There is an open door here.
There is an open door here.
You enter the deep water.
You enter the deep water. 3 orcs come into view.
An orc comes into view. It is wielding a +0 club.
An adder comes into view.
Found a ring mail.
The adder hisses angrily.
You enter the deep water.
The adder misses you.
You hit the adder. Your grab misses the adder. Your squeeze misses the adder.
The adder is lightly wounded.
The adder bites you.
You hit the adder. Your grab misses the adder.
The adder is heavily wounded.
The adder bites you. x2
You barely miss the adder. You grab the adder.
The adder is heavily wounded.
You constrict the adder, but do no damage.
The adder bites you.
You barely miss the adder.
The adder is heavily wounded.
You constrict the adder. The adder bites you.
You are lethally poisoned!
The adder poisons you! The adder bites you.
* * * LOW HITPOINT WARNING * * *
Okay, then.
The orc shouts!
You hit the adder.
You kill the adder!
* * * LOW HITPOINT WARNING * * *
You feel sick.
You have reached level 2!
* * * LOW HITPOINT WARNING * * *
You feel sick.
There is a fountain of sparkling water here.
You die...

,,* *.........##..### *,*
*****.######....#...##
*,*
,,,,,,*#.........o...#
*,*
****####.###.###..#..#
*,* ####.###.##......#
*,*
****####.###.#≈≈.≈≈#.##
*,*
,,,,....)###.≈≈≈.≈≈≈..###
*,*
,,,,.........≈≈⌠.⌠≈≈....#
*,*
,,,,............@....>..#
*,*
,,,,....####+≈≈⌠.⌠≈≈....#
*,*
,,,*#######..≈≈≈.≈≈≈#####
*,* ,,,########...≈≈.≈≈##
*,* ,,,#...####.....####
*,* ,,,#...#..'.....####
*,* ,,,#...#.##.....####
*,* ...##'##.##.....####
*,* .........##.....####
*,*


You could see an orc.

Vanquished Creatures
  An adder (D:5)
1 creature vanquished.

Notes
Turn   | Place    | Note
-------+----------+-------------------------------------------
     0 | D:5      | Esekla the Octopode Delver began the quest for the Orb.
     0 | D:5      | Reached XP level 1. HP: 16/16 MP: 1/1
    70 | D:5      | Reached XP level 2. HP: 3/21 MP: 2/2
    70 | D:5      | HP: 1/21 [poisoned by an adder]
    71 | D:5      | Succumbed to an adder's poison

Illustrated notes

Levels and vault maps discovered:
D:5:      layout_basic, serial_shops, nicolae_shop_mannequins,
          serial_library_hellmonk_room_a, nicolae_shop_self_help

Action                     || total
---------------------------++-------
  Melee: Falchion          ||     5
         Constrict         ||     1
    Use: Scroll            ||     1
 Armour: Skin              ||     6
  Dodge: Dodged            ||     1

Table legend: (Time is in decaauts)
 A = Elapsed time spent in this place.
 B = Non-inter-level travel time spent in this place.
 C = Inter-level travel time spent in this place.
 D = Time resting spent in this place.
 E = Time spent auto-exploring this place.
 F = Levels seen in this place.
 G = Mean time per level.
                   A        B        C        D        E       F      G
               +--------+--------+--------+--------+--------+-----+--------+
         Total |     72 |     72 |      0 |      0 |      0 |   1 |   72.0 |
       Dungeon |     72 |     72 |      0 |      0 |      0 |   1 |   72.0 |
               +--------+--------+--------+--------+--------+-----+--------+

Top non-repeatable levels by time:
     D:5: 72 daAuts
